 Dungeon Crawl Stone Soup version 0.17.0-24-gcfadda4 (webtiles) character file.

117 Sorcv the Vexing (level 4, -4/30 HPs)
             Began as a Mummy Enchanter on Nov 15, 2015.
             Slain by Duvessa
             ... wielding a +0 rapier
              (5 damage)
             ... on level 4 of the Dungeon.
             The game lasted 00:07:21 (2476 turns).

Sorcv the Vexing (Mummy Enchanter)                  Turns: 2476, Time: 00:07:21

Health: -4/30      AC:  4    Str: 14    XL:     4   Next: 71%
Magic:  1/7        EV: 12    Int: 14    God:
Gold:   87         SH:  0    Dex: 13    Spells: 3 memorised, 1 level left

rFire  x . .     SeeInvis .     a - +1 dagger
rCold  + . .     Clarity  .     b - +1 robe
rNeg   + + +     SustAt   .     (no shield)
rPois  ∞         Gourm    .     (no helmet)
rElec  .         Spirit   .     j - +0 cloak
rCorr  .         Warding  .     (no gloves)
rMut   +         Stasis   .     (no boots)
MR     .....                    g - amulet of resist mutation
Stlth  ++........               (no ring)
                                i - +3 ring of strength

@: not resistant to hostile enchantments, unstealthy
A: no food or potions, fire vulnerability, cold resistance 1, negative energy
resistance 3, torment resistance, unbreathing
a: no special abilities


You were on level 4 of the Dungeon.
You were not hungry.

You visited 1 branch of the dungeon, and saw 4 of its levels.

You collected 87 gold pieces.

Inventory:

Hand Weapons
 a - a +1 dagger (weapon)
 k - a cursed -1 dagger
Armour
 b - a +1 robe (worn)
 j - a +0 cloak (worn)
Jewellery
 g - an amulet of resist mutation (around neck)
 i - a +3 ring of strength (left hand)
Wands
 m - a wand of fireball (4)
Scrolls
 e - 2 scrolls of blinking
 f - a scroll of immolation
 h - 2 scrolls of enchant weapon
 l - a scroll of amnesia
Books
 c - a book of Maledictions

   Spells                             Type                      Level
   a - Corona                         Hexes                        1
   b - Ensorcelled Hibernation        Hexes/Ice                    2
   c - Confuse                        Hexes                        3
   d - Tukima's Dance                 Hexes                        3
   e - Dazzling Spray                 Conjuration/Hexes            3
 d - a book of Clouds

   Spells                             Type                      Level
   a - Mephitic Cloud                 Conjuration/Poison/Air       3
   b - Conjure Flame                  Conjuration/Fire             3
   c - Poisonous Cloud                Conjuration/Poison/Air       6
   d - Freezing Cloud                 Conjuration/Ice/Air          6
   e - Ring of Flames                 Charms/Fire                  7


   Skills:
 + Level 1.0 Short Blades
 - Level 1.5 Dodging
 + Level 3.8 Stealth
 - Level 2.0 Spellcasting
 + Level 3.9 Hexes


You had one spell level left.
You knew the following spells:

 Your Spells              Type           Power        Failure   Level  Hunger
a - Corona                Hex            ##.....      6%          1    N/A
b - Ensorcelled Hibernat  Hex/Ice        #.....       21%         2    N/A
c - Confuse               Hex            ##......     17%         3    N/A

Dungeon Overview and Level Annotations

Branches:
Dungeon (4/15)
 Temple: D:4-7

Altars:
Gozag
Qazlal
Xom

Annotations:
D:4 Duvessa, Pikel


Innate Abilities, Weirdness & Mutations

You do not eat or drink.
Your flesh is vulnerable to fire.
You are immune to poison.
Your flesh is cold resistant.
You are immune to negative energy.
You are immune to unholy pain and torment.
You can survive without breathing.


Message History

Casting: Confuse
Confirm with . or Enter, or press ? or * to list all spells.
Aiming: Corona
Press: ? - help, Shift-Dir - straight line, f/p - Duvessa
Aim: Duvessa, wielding a rapier and wearing a leather armour (almost dead, chance to defeat MR: 31%) Duvessa is outlined in light.
Duvessa hits you with a rapier.
* * * LOW HITPOINT WARNING * * *
You hit Duvessa.
Duvessa is almost dead.
Duvessa completely misses you.
You hit Duvessa but do no damage.
Duvessa is almost dead.
You barely miss Duvessa.
Duvessa is almost dead.
Duvessa hits you with a rapier.
* * * LOW HITPOINT WARNING * * *
You hit Duvessa but do no damage.
Duvessa is almost dead.
Duvessa hits you with a rapier.
You die...

###################
#.................#
#.................#
#.............)...#
#...##...##.@.....# #
#...##..e....#
######...##.......#
#####...##...##.....<.#
....'......!..........#
....#.................#
....#.................#
...####+##...##.......#
...##...##...##########


You could see Duvessa.

Vanquished Creatures
  A gnoll (D:3)
  5 adders
  A worm (D:3)
  A giant gecko (D:1)
  An orc (D:4)
  5 giant cockroaches
  4 goblins
  2 hobgoblins (D:2)
  8 jackals
  A ball python (D:2)
  10 bats
  5 giant newts
  5 kobolds
  2 quokkas
  13 rats
64 creatures vanquished.

Notes
Turn   | Place    | Note
--------------------------------------------------------------
     0 | D:1      | Sorcv the Mummy Enchanter began the quest for the Orb.
     0 | D:1      | Reached XP level 1. HP: 13/13 MP: 3/3
   264 | D:1      | Reached skill level 3 in Hexes
   292 | D:1      | Reached XP level 2. HP: 17/19 MP: 5/5
   571 | D:2      | Learned a level 2 spell: Ensorcelled Hibernation
   633 | D:2      | Found a shimmering altar of Xom.
   978 | D:2      | Reached XP level 3. HP: 7/24 MP: 6/6
   983 | D:2      | Learned a level 3 spell: Confuse
  1109 | D:2      | Found an opulent altar of Gozag.
  1331 | D:2      | Found a stormy altar of Qazlal.
  1529 | D:3      | Reached XP level 4. HP: 16/30 MP: 4/7
  1640 | D:3      | Reached skill level 1 in Short Blades
  2230 | D:4      | Noticed Pikel
  2230 | D:4      | Noticed a slave
  2230 | D:4      | Noticed a slave
  2230 | D:4      | Noticed a slave
  2230 | D:4      | Noticed a slave
  2352 | D:4      | Noticed Duvessa
  2475 | D:4      | HP: 1/30 [Duvessa/rapier (6)]
  2476 | D:4      | Slain by Duvessa

Action                   |  1- 3 |  4- 6 || total
-------------------------+-------+-------++-------
Melee: Dagger            |   140 |    90 ||   230
 Cast: Ensorcelled Hiber |     5 |    11 ||    16
       Confuse           |       |     5 ||     5
       Corona            |       |     3 ||     3
  Use: Scroll            |       |     5 ||     5
 Stab: Sleeping          |    18 |    10 ||    28
       Confused          |       |     4 ||     4
